 Dungeon Crawl Stone Soup version 0.19-a0-1704-gbd66c22 (webtiles) character file.

962917 dobroeutro the Impregnable (level 27, 0/195 HPs)
             Began as a Gargoyle Fighter on Sept 26, 2016.
             Was the Champion of the Shining One.
             Slain by Antaeus
             ... wielding a +2 great mace of crushing
              (8 damage)
             ... on level 7 of Cocytus on Sept 27, 2016.
             The game lasted 04:11:42 (76746 turns).

dobroeutro the Impregnable (Gargoyle Fighter)      Turns: 76746, Time: 04:11:45

Health: 0/195      AC: 69    Str: 34 (35) XL:     27
Magic:  29/33      EV: 32    Int:  7 (10) God:    the Shining One [******]
Gold:   13374      SH: 38    Dex: 31 (32) Spells: 1 memorised, 23 levels left

rFire  + + +     SeeInvis .     D - +10 morningstar "Eos" {elec, Halo rElec}
rCold  + + +     Gourm    .     J - +11 gold dragon armour
rNeg   + + +     Faith    .     Q - +2 large shield
rPois  ∞         Spirit   .     (helmet restricted)
rElec  +         Dismiss  .     w - +2 cloak {rC+}
rCorr  .         Reflect  +     L - +0 pair of fencer's gloves {+Riposte Dex+6}
MR     ++++.     Harm     .     K - +2 pair of boots {Fly}
Stlth  .......... Rnd*Tele +    e - +6 amulet of reflection
                                E - ring of Ankeitio {rF++ Str+5 Stlth+}
                                N - ring "Hibubil" {rPois rC+ MR+ Dex+4}

@: agile, flying, glowing, studying Stealth
A: big wings, hooves 1, horns 1, camouflage 1, agile 2, blink, blurry vision 1,
deterioration 2, magic resistance 1, negative energy resistance 1, electricity
resistance, strong 1, teleportitis 1, unbreathing, petrification resistance, rot
immunity, subdued magic 1, MP-powered wands, AC +20
a: Stop Flying, Blink, Divine Shield, Cleansing Flame, Summon Divine Warrior,
Brand Weapon With Holy Wrath, Renounce Religion
}: 6/15 runes: serpentine, barnacled, silver, golden, obsidian, bone


You were on level 7 of Cocytus.
You worshipped the Shining One.
The Shining One was exalted by your worship.
You were very hungry.

You visited 15 branches of the dungeon, and saw 73 of its levels.
You also visited: Trove, Ice Cave and Wizlab.

You collected 14523 gold pieces.
You spent 1149 gold pieces at shops.

Inventory:

Hand Weapons
 D - the +10 morningstar "Eos" (weapon) {elec, Halo rElec}
   (Okawaru gifted it to you on level 3 of the Snake Pit)

   Occasionally, upon striking a foe, it will discharge some electrical energy
   and cause terrible harm.
   It insulates you from electricity.
 T - a +9 eveningstar of freezing
Armour
 w - a +2 cloak of cold resistance (worn)
 z - the +11 plate armour of Anarchy {rF+}
   (You found it on level 4 of the Dungeon)

   It protects you from fire.
 A - a +2 helmet
 C - the +6 scale mail of Zin's Scorn {rElec rPois MR- rCorr}
   (You took it off a rakshasa on level 3 of the Depths)

   It insulates you from electricity.
   It protects you from poison.
   It affects your resistance to hostile enchantments.
   It protects you from acid and corrosion.
 J - a +11 gold dragon armour (worn)
 K - a +2 pair of boots of flying (worn)
 L - the +0 pair of fencer's gloves (worn) {+Riposte Dex+6}
   (You bought it in a shop on level 13 of the Dungeon)

   It affects your dexterity (+6).
 Q - a +2 large shield (worn)
 X - a +0 shield of reflection
Jewellery
 e - a +6 amulet of reflection (around neck)
 t - the ring of Teofid {rF+ MR+ AC+4}
   (You found it on level 3 of the Tomb of the Ancients)

   [ring of protection]

   It affects your AC (+4).
   It protects you from fire.
   It affects your resistance to hostile enchantments.
 y - the ring of the Failed Coup {rC+ Int+3}
   (You took it off a deep elf death mage on level 3 of the Elven Halls)

   [ring of intelligence]

   It affects your intelligence (+3).
   It protects you from cold.
 E - the ring of Ankeitio (right hand) {rF++ Str+5 Stlth+}
   (You found it on level 2 of the Lair of Beasts)

   [ring of stealth]

   It affects your strength (+5).
   It greatly protects you from fire.
   It makes you more stealthy.
 M - an uncursed ring of resist corrosion
 N - the ring "Hibubil" (left hand) {rPois rC+ MR+ Dex+4}
   (You found it on level 7 of Tartarus)

   [ring of poison resistance]

   It affects your dexterity (+4).
   It protects you from cold.
   It protects you from poison.
   It affects your resistance to hostile enchantments.
Wands
 r - a wand of digging (12/24)
 v - a wand of hasting (3/9)
 H - a wand of flame (24/48)
 I - a wand of disintegration (9/24)
 O - a wand of paralysis (10/24)
 R - a wand of acid (6/15)
 Y - a wand of lightning (6/15)
Scrolls
 b - 8 scrolls of enchant weapon
 c - 2 scrolls of recharging
 i - 8 scrolls of blinking
 l - 29 scrolls of remove curse
 m - 3 scrolls of fog
 q - 5 scrolls of immolation
 s - 2 scrolls of magic mapping
 u - 9 scrolls of fear
 F - 10 scrolls of teleportation
 U - 2 scrolls of identify
 W - 5 scrolls of summoning
Potions
 a - 4 potions of haste
 d - 4 potions of might
 h - 3 potions of berserk rage
 j - 9 potions of heal wounds
 o - 2 potions of ambrosia
 p - 4 potions of agility
 x - 22 potions of curing
 B - 3 potions of cure mutation
 S - 3 potions of resistance
Books
 V - a manual of Stealth
Miscellaneous
 g - a figurine of a ziggurat
Comestibles
 f - 29 bread rations
 k - 3 royal jellies
 n - 31 meat rations


   Skills:
 + Level 25.9 Fighting
 + Level 25.2 Maces & Flails
 + Level 26.4 Armour
 + Level 20.3 Dodging
 + Level 26.3 Shields
 - Level 11.7 Charms
 - Level 10.8 Necromancy
 - Level 13.6 Invocations
 - Level 9.0 Evocations


You had 23 spell levels left.
You knew the following spells:

 Your Spells              Type           Power        Failure   Level  Hunger
a - Regeneration          Chrm/Necr      ##........   8%          3    ####...


Dungeon Overview and Level Annotations

Branches:
Dungeon (15/15)            Temple (1/1) D:4            Lair (6/6) D:10
 Shoals (4/4) Lair:3        Snake (4/4) Lair:4        Slime (0/5) Lair:5
    Orc (2/2) D:11            Elf (3/3) Orc:2        Vaults (5/5) D:14
  Crypt (3/3) Vaults:3       Tomb (3/3) Crypt:3      Depths (5/5) D:15
   Hell (1/1)                 Dis (0/7) Hell            Geh (7/7) Hell
    Coc (7/7) Hell            Tar (7/7) Hell            Zot (0/5) Depths:5

Altars:
Ashenzari
Dithmenos
Elyvilon
Fedhas
Gozag
Hepliaklqana
Kikubaaqudgha
Makhleb
Okawaru
Qazlal
Ru
Sif Muna
Trog
Uskayaw
Vehumet
Xom
Yredelemnul
Zin
The Shining One
Jiyva
Lugonu

Shops:
D:13 [   Orc:2 (?}(   Elf:1 =   Elf:2 }[*   Snake:3 [=[(   Vaults:3 }
Vaults:5 *   Depths:5 }}=

Portals:
Hell: Depths:1 Depths:2 Depths:3 Depths:4 Depths:5
Abyss: Depths:1 Depths:4
Pandemonium: Depths:1 Depths:3
Ziggurat: Depths:4

Annotations:
Coc:7 Antaeus


Innate Abilities, Weirdness & Mutations

You are resistant to torment.
Your stone body is resilient. (AC +20)
You are immune to poison.
Your large and strong wings let you fly indefinitely.
You resist negative energy. (rN+)
You are resistant to electric shocks. (rElec)
You can survive without breathing.
You are immune to petrification.
You are immune to rotting.
You have large cloven feet.
You have a pair of small horns on your head.
Your skin changes colour to match your surroundings (Stealth+).
You are very agile. (Dex +4)
You can translocate small distances at will.
Scrolls take you a little longer to read.
Your body often deteriorates upon taking damage.
You are resistant to hostile enchantments. (MR+)
Your muscles are strong. (Str +2)
You are occasionally teleported next to monsters.
Your spells are a little easier to cast, but a little less powerful.
You expend magic power (3 MP) to strengthen your wands.


Message History

The flash freeze hits Antaeus.
Antaeus partially resists.
Antaeus is flash-frozen.
You sock Antaeus! You headbutt Antaeus, but do no damage.
Antaeus is heavily wounded.
Your daeva calls down the wrath of the Shining One upon Antaeus.
Antaeus is smitten.
You hit Antaeus but do no damage. You headbutt Antaeus, but do no damage.
Antaeus is heavily wounded.
You block Antaeus's attack. x2
Your daeva hits Antaeus with a long sword of holy wrath!
Antaeus convulses.
Your daeva hits Antaeus but does no damage.
You bludgeon Antaeus!! You headbutt Antaeus, but do no damage.
Antaeus is heavily wounded.
Antaeus hits you with a great mace of crushing!!
* * * LOW HITPOINT WARNING * * *
Your body deteriorates!
You feel clumsy. Antaeus freezes you! You resist.
* * * LOW HITPOINT WARNING * * *
You die...

≈≈≈≈≈≈≈≈≈≈≈≈≈≈≈
≈≈≈≈≈≈≈≈≈≈≈≈≈≈≈≈≈≈≈≈≈#
≈≈≈≈≈≈≈≈≈≈≈≈≈≈≈≈≈≈≈≈≈##
≈≈≈≈≈≈≈≈≈≈≈≈≈≈≈≈≈≈≈≈≈≈##
≈≈≈≈≈≈≈≈≈≈≈≈≈≈≈≈≈≈≈≈≈≈..
≈≈≈≈≈≈≈≈≈≈≈≈≈≈≈≈≈≈≈≈≈...
≈≈≈≈≈≈≈≈≈≈≈≈≈≈≈≈≈≈≈≈≈..≈
≈≈≈≈≈≈≈≈≈.≈≈≈≈≈≈≈≈≈≈≈...
≈≈≈≈≈≈≈≈...≈≈≈≈≈@C≈.....
≈≈≈≈≈≈≈......)..A.......
≈≈≈≈≈≈≈≈...≈≈≈≈≈≈≈≈.....
≈≈≈≈≈≈≈≈≈.≈≈≈≈≈≈≈≈≈≈≈...
###≈≈≈≈≈≈≈≈≈≈≈≈≈≈≈≈≈≈..≈
# ###≈≈≈≈≈≈≈≈≈≈≈≈≈≈≈≈...
##≈≈≈≈≈≈≈≈≈≈≈≈≈≈≈≈..
##≈≈≈≈≈≈≈≈≈≈≈≈≈≈≈≈.


You could see Antaeus and a friendly daeva.

Vanquished Creatures
  Asmodeus (Geh:7)
  Ereshkigal (Tar:7)
  the Serpent of Hell (Geh:7)
  5 ancient liches
  Mara (Crypt:2)
  2 juggernauts (Depths:4)
  Boris (Depths:3)
  24 greater mummies
  12 shard shrikes
  Frederick (Depths:3)
  Xtahua (Depths:3)
  Saint Roka (Vaults:4)
  4 caustic shrikes (Depths:5)
  Geryon (Hell)
  6 golden dragons
  14 bone dragons
  the Enchantress (Depths:2)
  26 Tzitzimimeh
  6 doom hounds
  23 Brimstone Fiends
  14 liches
  Rupert (D:14)
  3 tentacled monstrosities
  10 Ice Fiends
  A hellephant (Hell)
  17 titans
  The ghost of Bronet the Spry, an adept SpAK of Zin (Depths:3)
  6 deep elf master archers
  A quicksilver dragon (Vaults:5)
  6 eldritch tentacles
  Polyphemus (Shoals:3)
  3 krakens
  6 deep elf blademasters
  9 ancient champions
  5 storm dragons
  Frances (Snake:1)
  14 sphinxes
  Kirke (Snake:4)
  8 shadow dragons
  24 greater nagas
  8 tengu reavers
  Ilsuiw (Shoals:3)
  Donald (Snake:4)
  A draconian monk (Depths:5)
  17 fire giants
  3 revenants
  28 frost giants
  A cacodemon (Tar:3)
  9 deep elf sorcerers
  13 vault wardens
  9 ghouls
  2 iron dragons
  10 balrugs
  A curse skull (Crypt:3)
  2 orc warlords
  18 ironheart preservers
  6 spriggan defenders
  32 stone giants
  7 deep elf elementalists
  A draconian annihilator (Depths:5)
  15 very ugly things
  10 vampire knights
  4 elemental wellsprings (Coc:7)
  6 war gargoyles
  An entropy weaver (shapeshifter) (Depths:1)
  5 green draconians
  4 entropy weavers
  54 reapers
  5 bennus
  Azrael (Elf:1)
  4 black draconians
  The ghost of UnlimitedFusion the Fighter, a journeyman HuBe of Trog (D:13)
  4 deep elf demonologists
  5 yellow draconians
  9 deep elf annihilators
  A lorocyproca (Depths:3)
  7 spark wasps
  5 mottled draconians
  2 purple draconians
  A red draconian (Crypt:3)
  6 eidola
  11 blizzard demons
  The ghost of stickyfingers the Nimble, a journeyman KoEn of Fedhas (IceCv)
  5 merfolk javelineers
  21 deep elf death magi
  23 mummy priests
  7 fire dragons
  10 merfolk impalers
  11 ettins
  A spectral kraken (Tar:7)
  8 quicksilver dragon zombies
  6 deep elf high priests
  18 jiangshi
  A green death (Hell)
  12 great orbs of eyes
  16 yaktaur captains
  32 vault guards
  A kraken zombie (Coc:3)
  7 quicksilver dragon skeletons
  2 large abominations (Elf:3)
  A hell beast (Tar:1)
  5 rakshasas
  21 ice dragons
  A ghost crab (shapeshifter) (Depths:1)
  14 naga warriors
  15 anacondas
  3 ghost crabs
  5 spriggan air magi
  7 centaur warriors
  7 merfolk aquamancers
  2 catoblepae
  5 death knights
  3 hydras
  12 merfolk avatars
  23 ogre magi
  93 death scarabs
  27 dancing weapons
  2 orc high priests (Crypt:3)
  11 deep troll shamans
  4 death yaks (Shoals:3)
  A satyr (Shoals:3)
  31 hell hogs
  9 tengu warriors
  14 vampire magi
  12 spriggan berserkers
  6 deep troll earth magi
  16 naga sharpshooters
  60 hell knights
  2 small abominations
  5 shock serpents
  7 storm dragon zombies
  4 iron trolls
  5 titan zombies
  29 deep elf knights
  31 soul eaters
  2 golden dragon zombies (Coc:7)
  2 iron golems (Hell)
  11 sun demons
  12 titan skeletons
  88 skeletal warriors
  A fire crab (Geh:5)
  5 shadow wraiths
  5 anaconda zombies
  2 ghost moth zombies
  28 shadow demons
  A death drake (Tar:5)
  4 wizards
  2 glowing orange brains
  2 salamander mystics
  30 flayed ghosts
  A gelid demonspawn (Depths:3)
  4 unseen horrors
  9 sea snakes
  7 naga ritualists
  36 deep trolls
  4 storm dragon skeletons
  26 deep elf archers
  28 phantasmal warriors
  19 orc knights
  4 shadow dragon zombies
  An orange crystal statue (Depths:2)
  18 anaconda skeletons
  3 wolf spiders
  18 ironbrand convokers
  8 wolf spider zombies
  71 deep elf magi
  14 harpies
  9 manticores
  5 golden dragon skeletons
  29 necromancers
  5 hill giants
  5 frost giant zombies
  11 mana vipers
  3 human zombies
  32 ugly things
  A shining eye (shapeshifter) (Depths:4)
  An orb spider (shapeshifter) (Vaults:1)
  7 orc sorcerers
  3 hornets
  7 fire giant zombies
  18 salamanders
  5 iron dragon zombies
  7 stone giant zombies
  7 shadow dragon skeletons
  6 fauns
  A guardian serpent (shapeshifter) (Elf:1)
  4 dire elephant zombies
  6 stone giant skeletons
  15 sirens
  6 iron dragon skeletons
  A tengu skeleton (Vaults:4)
  A black mamba (shapeshifter) (Vaults:2)
  15 vault sentinels
  34 black mambas
  7 fire giant skeletons
  4 frost giant skeletons
  5 water nymphs
  2 ice statues
  4 elephants (Lair:5)
  2 shock serpent zombies
  8 cyclopes
  10 rust devils
  24 naga magi
  18 spiny frogs
  14 guardian serpents
  4 shock serpent skeletons
  21 molten gargoyles
  A white draconian zombie (Crypt:1)
  10 smoke demons
  A torpor snail (shapeshifter) (Vaults:5)
  2 orange demons
  3 centaur skeletons
  2 gargoyles (D:12)
  4 dire elephant skeletons
  5 emperor scorpion zombies
  12 spectral swamp worms (Tar:7)
  A black draconian zombie (Crypt:2)
  4 elf skeletons
  31 yaktaurs
  A yaktaur zombie (Vaults:2)
  28 hellions
  55 freezing wraiths
  A death yak zombie (Crypt:2)
  2 catoblepas zombies
  2 hellwings
  5 komodo dragons
  6 rime drakes
  6 efreet
  A pale draconian zombie (Crypt:2)
  3 kobold demonologists
  A komodo dragon (shapeshifter) (Vaults:1)
  A queen bee (Depths:4)
  A demonic crawler (Hell)
  2 catoblepas skeletons
  7 tengu conjurers
  42 guardian mummies
  A harpy zombie (Geh:2)
  36 ice devils
  25 red devils
  2 sea snake skeletons (Crypt:1)
  3 silent spectres
  24 tormentors
  12 trolls
  42 merfolk
  5 wind drakes
  A meliai (shapeshifter) (Depths:1)
  A polar bear (shapeshifter) (Elf:3)
  An iron troll skeleton (Crypt:3)
  15 hydra zombies
  A merfolk (shapeshifter) (Depths:3)
  A two-headed ogre (shapeshifter) (Depths:2)
  2 bog bodies (Crypt:2)
  A minotaur skeleton (Geh:5)
  4 tyrant leeches (Lair:6)
  11 blink frogs
  2 blink frogs (shapeshifter)
  A shadow dragon simulacrum (Vaults:4)
  37 two-headed ogres
  4 harpy skeletons
  37 slime creatures
  7 hippogriffs
  A stone giant simulacrum (Coc:7)
  A frost giant simulacrum (Crypt:3)
  5 alligator zombies
  3 hydra skeletons
  A meliai zombie (D:14)
  8 snapping turtles
  5 ettin zombies
  6 dream sheep (Shoals:2)
  5 fire dragon zombies
  2 black mamba zombies
  166 flying skulls
  3 vampires (WizLab)
  3 fire dragon skeletons
  6 alligator skeletons
  4 ice dragon skeletons
  A spriggan (shapeshifter) (Depths:1)
  6 ice dragon zombies
  4 spriggans
  7 air elementals
  9 ettin skeletons
  40 wraiths
  8 redbacks
  26 shadows
  2 tarantellas
  38 water elementals
  3 black mamba skeletons
  22 yaks
  2 wyverns
  A hog (shapeshifter) (Depths:1)
  A death yak simulacrum (IceCv)
  17 ushabtiu
  5 basilisks
  A human (shapeshifter) (Vaults:5)
  50 fire elementals
  2 humans
  7 hungry ghosts
  2 steam dragons
  4 vampire mosquitoes (Lair:6)
  Edmund (D:4)
  A mottled dragon (D:12)
  A deep troll zombie (Crypt:3)
  A hill giant skeleton (Crypt:2)
  A swamp worm (shapeshifter) (Elf:1)
  An infernal demonspawn zombie (Tar:1)
  5 wargs
  A warg (shapeshifter) (Vaults:4)
  55 nagas
  A soldier ant (D:14)
  2 hydra simulacra
  79 hell hounds
  A soldier ant (shapeshifter) (Vaults:1)
  8 water moccasins
  10 spiny frog zombies
  A hell hound (shapeshifter) (Vaults:2)
  A floating eye (Depths:3)
  5 porcupines
  49 orc warriors
  9 spiny frog skeletons
  3 merfolk skeletons
  4 sky beasts
  3 wasps
  12 ice beasts
  3 manticore zombies
  2 swamp dragon zombies
  An elephant zombie (Crypt:1)
  5 snapping turtle zombies
  14 phantoms
  An eye of draining (shapeshifter) (Depths:5)
  5 wolves (Lair:4)
  2 eyes of draining
  3 swamp dragon skeletons
  17 boggarts
  27 necrophages
  87 ogres
  15 centaurs
  3 human skeletons
  3 snapping turtle skeletons
  20 crocodiles
  A manticore skeleton (Geh:6)
  A bullfrog (shapeshifter) (Vaults:5)
  32 bullfrogs
  2 big kobolds
  Blork the orc (Temple)
  A glowing shapeshifter simulacrum (Vaults:2)
  A draconian skeleton (Crypt:1)
  3 earth elementals
  2 wyvern zombies
  A spiny frog simulacrum (Hell)
  4 scorpions
  A wyvern skeleton (D:9)
  A cyclops skeleton (Crypt:1)
  A spriggan zombie (Geh:4)
  18 killer bees (Depths:4)
  3 troll zombies (WizLab)
  2 elephant simulacra (IceCv)
  A human simulacrum (Vaults:4)
  76 wights
  A troll skeleton (Coc:7)
  A vampire bat (Orc:1)
  5 electric eels
  7 howler monkeys
  3 centaur zombies
  10 crimson imps
  5 draconian simulacra (IceCv)
  11 hounds
  3 jellies
  20 orc priests
  14 iguanas
  3 bullfrog skeletons
  35 orc wizards
  2 spriggan simulacra (IceCv)
  11 hell rats (Hell)
  5 troll simulacra (IceCv)
  8 worker ants
  A killer bee zombie (D:10)
  A wolf simulacrum (IceCv)
  A deep dwarf zombie (Crypt:3)
  An ogre skeleton (Geh:7)
  8 ogre zombies (WizLab)
  3 centaur simulacra
  2 naga zombies
  A demigod skeleton (Crypt:3)
  A naga skeleton (Tar:1)
  2 hound skeletons (D:5)
  47 mummies
  A hell rat zombie (Crypt:3)
  A worker ant zombie (D:8)
  Robin (D:3)
  A gnoll (D:1)
  A howler monkey zombie (D:6)
  2 howler monkey skeletons
  22 river rats
  7 adders
  4 naga simulacra (IceCv)
  2 ogre simulacra (IceCv)
  A steam dragon skeleton (Crypt:3)
  A swamp drake skeleton (Crypt:2)
  16 shadow imps
  37 white imps
  An ooze (D:7)
  An adder skeleton (D:9)
  A lava snake skeleton (Crypt:1)
  3 worms
  3 dart slugs
  A leopard gecko (D:4)
  122 orcs
  A bat (shapeshifter) (Elf:3)
  2 bat zombies (D:7)
  6 giant cockroaches
  6 goblins
  9 hobgoblins
  12 jackals
  10 kobolds
  4 quokkas
  2 ball pythons
  12 bats
  A dart slug zombie (Crypt:1)
  3 frilled lizards
  A giant cockroach zombie (Crypt:3)
  A gnoll skeleton (Crypt:2)
  A goblin skeleton (Crypt:3)
  A jackal zombie (D:6)
  2 kobold skeletons
  A kobold zombie (Geh:6)
  An orc zombie (Crypt:2)
  A quokka skeleton (D:6)
  2 rats
  A rat zombie (D:7)
  4 crawling corpses
  A fire vortex (Depths:3)
  A plant (Lair:2)
  7 tentacles
4245 creatures vanquished.

Vanquished Creatures (collateral kills)
  A greater mummy (Tomb:1)
  A lich (Tomb:1)
2 creatures vanquished.

Vanquished Creatures (others)
  Nikola (Elf:1)
  A lich (Tomb:2)
  2 deep elf master archers
  3 eldritch tentacles
  A fire giant (Depths:2)
  An elemental wellspring (Coc:2)
  A bennu (Tomb:2)
  A mottled draconian (Crypt:2)
  A deep elf death mage (Crypt:1)
  A merfolk javelineer (Shoals:2)
  5 yaktaur captains
  3 centaur warriors
  2 satyrs
  21 death scarabs
  A tengu warrior (D:15)
  3 hell hogs
  6 naga sharpshooters
  A skeletal warrior (Tar:7)
  3 deep elf archers
  An ugly thing (Depths:3)
  4 deep elf magi
  A faun (Shoals:3)
  A faun (shapeshifter) (D:14)
  4 cyclopes
  A salamander (Snake:2)
  A manticore (D:14)
  A smoke demon (Hell)
  A molten gargoyle (Geh:7)
  3 dire elephant skeletons
  12 yaktaurs
  2 two-headed ogres
  3 flying skulls
  A hippogriff (D:14)
  A shadow (Geh:3)
  2 wraiths
  2 fire elementals
  3 humans (Snake:4)
  A sky beast (D:11)
  An ogre (Vaults:5)
  4 centaurs
  A hell rat (Hell)
  2 mummies (Tomb:2)
  A white imp (Coc:7)
  2 orcs
  7 fungi
  26 plants
  19 tentacles
166 creatures vanquished.

Grand Total: 4413 creatures vanquished

Notes
Turn   | Place    | Note
-------+----------+-------------------------------------------
     0 | D:1      | dobroeutro the Gargoyle Fighter began the quest for the Orb.
     0 | D:1      | Reached XP level 1. HP: 14/14 MP: 1/1
   162 | D:1      | Reached XP level 2. HP: 19/19 MP: 2/2
   301 | D:1      | Reached XP level 3. HP: 21/23 MP: 3/3
  1423 | D:3      | Reached XP level 4. HP: 27/29 MP: 4/4
  1493 | D:3      | Noticed Robin
  1516 | D:3      | Killed Robin
  1742 | D:4      | Found a staircase to the Ecumenical Temple.
  1747 | D:4      | Noticed Blork the orc
  1752 | Temple   | Entered the Ecumenical Temple
  1814 | Temple   | Killed Blork the orc
  1814 | Temple   | Reached XP level 5. HP: 12/34 MP: 5/5
  1876 | Temple   | Became a worshipper of Warmaster Okawaru
  2442 | D:4      | Reached XP level 6. HP: 39/39 MP: 6/6
  2449 | D:4      | Got a smoking plate armour
  2461 | D:4      | Identified the +11 plate armour of Anarchy {rF+} (You found it on level 4 of the Dungeon)
  2485 | D:4      | Noticed Edmund
  2506 | D:4      | Killed Edmund
  2506 | D:4      | Reached * piety under Okawaru
  2719 | D:5      | Entered Level 5 of the Dungeon
  2793 | D:5      | Reached XP level 7. HP: 44/44 MP: 7/7
  2824 | D:5      | Reached skill level 5 in Fighting
  2824 | D:5      | Reached skill level 5 in Maces & Flails
  3131 | D:5      | Reached skill level 5 in Armour
  3273 | D:5      | Reached skill level 5 in Shields
  3436 | D:6      | Reached ** piety under Okawaru
  3525 | D:6      | Reached XP level 8. HP: 44/50 MP: 8/8
  3972 | D:7      | Noticed a spriggan baker
  3974 | D:7      | Killed a spriggan baker
  4340 | D:7      | Found an ancient bone altar of Kikubaaqudgha.
  4519 | D:7      | Reached *** piety under Okawaru
  4541 | D:7      | Found a basalt altar of Yredelemnul.
  4541 | D:7      | Found an opulent altar of Gozag.
  4594 | D:8      | Reached XP level 9. HP: 56/56 MP: 9/9
  5841 | D:9      | Reached **** piety under Okawaru
  5959 | D:9      | Noticed a troll
  5966 | D:9      | Killed a troll
  5966 | D:9      | Reached XP level 10. HP: 60/63 MP: 10/10
  6214 | D:10     | Entered Level 10 of the Dungeon
  6364 | D:10     | Reached ***** piety under Okawaru
  6692 | D:10     | Found a staircase to the Lair.
  6914 | D:10     | Received a gift from Okawaru
  6989 | D:10     | Noticed a seven-headed hydra
  6999 | D:10     | Killed a seven-headed hydra
  6999 | D:10     | Reached skill level 10 in Maces & Flails
  7248 | D:11     | Noticed a hill giant
  7390 | D:11     | Noticed a manticore
  7414 | D:11     | Killed a manticore
  7422 | D:11     | Noticed a cyclops
  7465 | D:11     | Killed a cyclops
  7465 | D:11     | Reached XP level 11. HP: 52/69 MP: 11/11
  7935 | Lair:1   | Entered Level 1 of the Lair of Beasts
  8010 | Lair:1   | Received a gift from Okawaru
  8573 | Lair:1   | Noticed a centaur warrior
  8585 | Lair:1   | Killed a centaur warrior
  8954 | Lair:2   | Got a steaming wooden ring
  8970 | Lair:2   | Identified the ring of Ankeitio {rF++ Str+5 Stlth+} (You found it on level 2 of the Lair of Beasts)
  9643 | Lair:3   | Found a staircase to the Shoals.
  9742 | Lair:3   | Noticed a six-headed hydra
  9756 | Lair:3   | Killed a six-headed hydra
  9938 | Lair:3   | Reached skill level 10 in Fighting
  9950 | Lair:3   | Reached skill level 10 in Shields
  9950 | Lair:3   | Reached XP level 12. HP: 77/77 MP: 12/12
 10435 | Lair:4   | Received a gift from Okawaru
 10440 | Lair:4   | Reached skill level 1 in Dodging
 10440 | Lair:4   | Reached skill level 1 in Evocations
 10525 | Lair:4   | Reached skill level 10 in Armour
 10753 | Lair:4   | Found a staircase to the Snake Pit.
 11399 | Lair:5   | Found a viscous altar of Jiyva.
 11399 | Lair:5   | Found a staircase to the Slime Pits.
 11568 | Lair:5   | Found a glowing silver altar of Zin.
 11819 | Lair:5   | Reached ****** piety under Okawaru
 11933 | Lair:5   | Received a gift from Okawaru
 12357 | Lair:6   | Entered Level 6 of the Lair of Beasts
 12369 | Lair:6   | Found a frozen archway.
 12387 | IceCv    | Entered an ice cave
 12419 | IceCv    | Noticed stickyfingers's ghost (journeyman KoEn)
 12446 | IceCv    | Killed stickyfingers's ghost
 12618 | IceCv    | Reached XP level 13. HP: 72/84 MP: 15/15
 13199 | IceCv    | Received a gift from Okawaru
 13521 | IceCv    | Found an ancient bone altar of Kikubaaqudgha.
 14966 | Lair:6   | Received a gift from Okawaru
 15036 | Lair:6   | Got a scorched helmet
 15047 | Lair:6   | Identified the cursed -4 helmet of Thank Me Later {Int+6 Dex-4} (You found it on level 6 of the Lair of Beasts)
 15233 | Lair:6   | Reached skill level 5 in Evocations
 15674 | D:11     | Reached skill level 5 in Dodging
 15807 | D:11     | Found a staircase to the Orcish Mines.
 15996 | D:11     | Found a portal to a secret trove of treasure.
 16298 | D:12     | Gained mutation: Your large and strong wings let you fly indefinitely. [Gargoyle growth]
 16298 | D:12     | Reached XP level 14. HP: 84/90 MP: 18/18
 16969 | D:12     | Received a gift from Okawaru
 17479 | Orc:1    | Entered Level 1 of the Orcish Mines
 17479 | Orc:1    | Noticed an orc warlord
 17776 | Orc:1    | HP: 1/92 [orc priest/divine providence[an orc warlord] (8)]
 17811 | Orc:1    | Killed an orc warlord
 18377 | Orc:2    | Entered Level 2 of the Orcish Mines
 18494 | Orc:2    | Found a staircase to the Elven Halls.
 18551 | Orc:2    | Received a gift from Okawaru
 18563 | Orc:2    | Got a bloodstained chain mail {god gift}
 18630 | Orc:1    | Noticed a stone giant
 18638 | Orc:1    | Killed a stone giant
 18644 | Orc:1    | Identified the +4 chain mail of Theory {rPois rC+ MR++} (Okawaru gifted it to you on level 2 of the Orcish Mines)
 18796 | Orc:2    | Paralysed by an ogre mage for 6 turns
 19115 | Orc:2    | Found Qul Fahu's Gadget Shop.
 19115 | Orc:2    | Found Poharch's Antique Weapon Emporium.
 19115 | Orc:2    | Found Vaakh's Weapon Shoppe.
 19115 | Orc:2    | Found Akli's Magic Scroll Shop.
 19123 | Orc:2    | Bought a scroll of enchant weapon for 105 gold pieces
 19123 | Orc:2    | Bought a scroll of identify for 28 gold pieces
 20164 | D:13     | Found Zucol Rowy's Antique Armour Shop.
 20174 | D:13     | Reached XP level 15. HP: 97/97 MP: 20/20
 20184 | D:13     | Bought the +0 pair of fencer's gloves {+Riposte Dex+6} for 578 gold pieces
 20195 | D:13     | Bought a glowing helmet for 108 gold pieces
 20285 | D:13     | Gained mutation: Your body sometimes deteriorates upon taking damage. [mutagenic meat]
 20432 | D:13     | Got a distressingly furry chain mail
 20443 | D:13     | Identified the +2 chain mail of the Marlin {rElec rPois MR- Int+4} (You found it on level 13 of the Dungeon)
 20611 | D:13     | Noticed UnlimitedFusion's ghost (journeyman HuBe)
 20638 | D:13     | Killed UnlimitedFusion's ghost
 21024 | D:14     | Received a gift from Okawaru
 21343 | D:14     | Received a gift from Okawaru
 21353 | D:14     | Got a dazzling mace {god gift}
 21354 | D:14     | Identified the +6 mace of Desperation {crush, rPois} (Okawaru gifted it to you on level 14 of the Dungeon)
 21396 | D:14     | Gained mutation: Your muscles are strong. (Str +2) [mutagenic meat]
 21399 | D:14     | Gained mutation: You are agile. (Dex +2) [mutagenic meat]
 21402 | D:14     | Gained mutation: You can translocate small distances at will. [mutagenic meat]
 21409 | D:14     | Gained mutation: Your spells are a little easier to cast, but a little less powerful. [mutagenic meat]
 21736 | D:14     | Found a gate to the Vaults.
 21940 | D:14     | Found a runed door.
 21990 | D:14     | Noticed Rupert
 22021 | D:14     | Killed Rupert
 22287 | D:14     | Received a gift from Okawaru
 22541 | D:14     | Got a vibrating marble ring
 22543 | D:14     | Identified the ring of Pride {rPois rN++ Str+4} (You found it on level 14 of the Dungeon)
 22736 | D:15     | Entered Level 15 of the Dungeon
 22901 | D:15     | Found a staircase to the Depths.
 23109 | D:15     | Found Zujoshu's Gadget Shoppe.
 23134 | D:15     | Reached XP level 16. HP: 102/104 MP: 22/22
 23539 | D:15     | Found an opulent altar of Gozag.
 24074 | Snake:1  | Entered Level 1 of the Snake Pit
 24924 | Snake:1  | Noticed Frances
 24942 | Snake:1  | Killed Frances
 24942 | Snake:1  | Received a gift from Okawaru
 25423 | Snake:1  | Noticed a greater naga
 25437 | Snake:1  | Killed a greater naga
 25934 | Snake:2  | Found an iron altar of Okawaru.
 26244 | Snake:2  | Received a gift from Okawaru
 26547 | Snake:2  | Reached XP level 17. HP: 110/110 MP: 23/23
 26845 | Snake:2  | Reached skill level 15 in Maces & Flails
 26892 | Snake:2  | Got a pair of fine boots
 26920 | Snake:2  | Identified the +2 pair of boots "Duwkoq" {+Fly rC+++ Str-4 Stlth-} (You found it on level 2 of the Snake Pit)
 27301 | Snake:2  | Upgraded the game from 0.19-a0-1697-g0595f0e to 0.19-a0-1704-gbd66c22
 27468 | Snake:3  | Found Nudy's Antique Weapon Shop.
 27472 | Snake:3  | Reached skill level 1 in Invocations
 27479 | Snake:3  | Found Teduck's Armour Shop.
 27479 | Snake:3  | Found Qobrial's Jewellery Boutique.
 27484 | Snake:3  | Found Vydun's Armour Boutique.
 27796 | Snake:3  | Lost mutation: Your muscles are strong. (Str +2) [potion of mutation]
 27796 | Snake:3  | Gained mutation: Your mind is acute. (Int +2) [potion of mutation]
 27797 | Snake:3  | Gained mutation: You are occasionally teleported next to monsters. [potion of mutation]
 27797 | Snake:3  | Gained mutation: Your magical capacity is low. (-10% MP) [potion of mutation]
 27797 | Snake:3  | Lost mutation: Your magical capacity is low. (-10% MP) [potion of mutation]
 27798 | Snake:3  | Gained mutation: You have a pair of small horns on your head. [potion of mutation]
 27798 | Snake:3  | Gained mutation: You have large cloven feet. [potion of mutation]
 27798 | Snake:3  | Gained mutation: Your skin changes colour to match your surroundings (Stealth+). [potion of mutation]
 27934 | Snake:3  | Received a gift from Okawaru
 27949 | Snake:3  | Got a brightly glowing buckler
 27960 | Snake:3  | Identified the +1 buckler of Valiance {SInv Stlth+} (You found it on level 3 of the Snake Pit)
 28125 | Snake:4  | Entered Level 4 of the Snake Pit
 28160 | Snake:4  | Noticed Kirke
 28169 | Snake:4  | Killed Kirke
 28541 | Snake:4  | Received a gift from Okawaru
 28552 | Snake:4  | Noticed Donald
 28562 | Snake:4  | Killed Donald
 28572 | Snake:4  | Reached skill level 15 in Shields
 28576 | Snake:4  | Reached skill level 15 in Armour
 28662 | Snake:4  | Reached XP level 18. HP: 99/117 MP: 24/24
 28691 | Snake:4  | Reached skill level 5 in Invocations
 29295 | Snake:4  | Gained mutation: Your muscles are strong. (Str +2) [mutagenic meat]
 29319 | Snake:4  | Received a gift from Okawaru
 29599 | Snake:4  | Got a serpentine rune of Zot
 29626 | Snake:4  | Reached skill level 15 in Fighting
 30047 | Shoals:1 | Entered Level 1 of the Shoals
 30091 | Shoals:1 | Reached skill level 10 in Dodging
 30889 | Shoals:2 | Received a gift from Okawaru
 30968 | Shoals:2 | Reached XP level 19. HP: 124/124 MP: 25/25
 31153 | Shoals:2 | Got an encrusted scale mail
 31165 | Shoals:2 | Identified the +2 scale mail "Puastrav" {-Tele rN+++ Regen+ Int-5} (You found it on level 2 of the Shoals)
 31813 | Shoals:3 | Noticed Ilsuiw
 31834 | Shoals:3 | Killed Ilsuiw
 31930 | Shoals:3 | Received a gift from Okawaru
 31937 | Shoals:3 | Noticed Polyphemus
 31959 | Shoals:3 | Killed Polyphemus
 32338 | Shoals:3 | Gained mutation: You are very agile. (Dex +4) [potion of beneficial mutation]
 32339 | Shoals:3 | Gained mutation: You are resistant to hostile enchantments. (MR+) [potion of beneficial mutation]
 32604 | Shoals:4 | Entered Level 4 of the Shoals
 32746 | Shoals:4 | Received a gift from Okawaru
 32772 | Shoals:4 | Identified a scroll of acquirement
 32775 | Shoals:4 | Got an encrusted plate armour
 32786 | Shoals:4 | Identified the +5 plate armour of Tartarus {*Drain Str+4 Stlth+} (You acquired it on level 4 of the Shoals)
 33585 | Shoals:4 | Got a barnacled rune of Zot
 34127 | Elf:1    | Entered Level 1 of the Elven Halls
 34152 | Elf:1    | Noticed Nikola
 34152 | Elf:1    | Reached XP level 20. HP: 129/131 MP: 26/26
 34163 | Elf:1    | Killed Nikola
 34644 | Elf:1    | Noticed Azrael
 34674 | Elf:1    | Killed Azrael
 35205 | Elf:1    | Found Egrir's Jewellery Shop.
 35370 | Elf:2    | Found Voihowu's Gadget Shoppe.
 35555 | Elf:2    | Received a gift from Okawaru
 35648 | Elf:2    | Found a huge runed gate.
 35648 | Elf:2    | Found a huge runed gate.
 35648 | Elf:2    | Found a huge runed gate.
 35649 | Elf:2    | Found a huge runed gate.
 35650 | Elf:2    | Found a huge runed gate.
 36175 | Elf:2    | Found Woadamau's Assorted Antiques.
 36178 | Elf:2    | Found Emehi's Armour Shoppe.
 36182 | Elf:2    | Bought a pair of embroidered boots for 166 gold pieces
 36272 | Elf:3    | Entered Level 3 of the Elven Halls
 36279 | Elf:3    | Found a magical portal.
 36306 | WizLab   | Entered Zonguldrok's Shrine
 37000 | Elf:3    | Noticed a Tzitzimitl
 37050 | Elf:3    | Received a gift from Okawaru
 37057 | Elf:3    | Got an ancient plate armour {god gift}
 37092 | Elf:3    | Reached XP level 21. HP: 89/138 MP: 27/27
 37114 | Elf:3    | Identified the +4 plate armour "Idweogri" {Regen+ MP-9 Str+6} (Okawaru gifted it to you on level 3 of the Elven Halls)
 37926 | Elf:3    | Identified An Initiation to Witchery
 37950 | Elf:3    | Identified the Incunabulum of Attacks
 38277 | Elf:3    | Got an ancient iron ring
 38431 | Elf:3    | Identified the ring of the Failed Coup {rC+ Int+3} (You took it off a deep elf death mage on level 3 of the Elven Halls)
 38443 | Elf:3    | Learned a level 3 spell: Regeneration
 38738 | Depths:1 | Entered Level 1 of the Depths
 38747 | Depths:1 | Reached XP level 22. HP: 145/145 MP: 28/28
 38759 | Depths:1 | Found a one-way gate to the infinite horrors of the Abyss.
 38820 | Depths:1 | Found a gateway to Hell.
 39341 | Depths:1 | Found a corrupted altar of Lugonu.
 39344 | Depths:1 | Found a one-way gate leading to the halls of Pandemonium.
 39570 | Depths:1 | Got an ichor-stained demon blade
 39571 | Depths:1 | Identified the +4 demon blade of Imbalance {flame, rN++ Dex-5} (You found it on level 1 of the Depths)
 39654 | Depths:2 | Received a gift from Okawaru
 40450 | Depths:2 | Reached XP level 23. HP: 130/150 MP: 29/29
 40500 | Depths:2 | Received a gift from Okawaru
 40714 | Depths:3 | Noticed Xtahua
 40749 | Depths:3 | Noticed Frederick
 40756 | Depths:3 | Killed Xtahua
 40756 | Depths:3 | Reached skill level 5 in Charms
 40767 | Depths:3 | Killed Frederick
 40886 | Depths:3 | Noticed Boris
 40886 | Depths:3 | Noticed Bronet's ghost (adept SpAK)
 41144 | Depths:3 | Paralysed by a floating eye for 2 turns
 41145 | Depths:3 | Noticed the Enchantress
 41149 | Depths:3 | Paralysed by a floating eye for 2 turns
 41154 | Depths:3 | Paralysed by a floating eye for 2 turns
 41160 | Depths:3 | Paralysed by a floating eye for 4 turns
 41329 | Depths:2 | Killed the Enchantress
 41329 | Depths:2 | Received a gift from Okawaru
 41736 | Depths:3 | Reached skill level 5 in Necromancy
 41768 | Depths:3 | Got an encrusted scale mail
 41779 | Depths:3 | Identified the +6 scale mail of Zin's Scorn {rElec rPois MR- rCorr} (You took it off a rakshasa on level 3 of the Depths)
 41839 | Depths:3 | Killed Boris
 41937 | Depths:3 | Killed Bronet's ghost
 41990 | Depths:3 | Received a gift from Okawaru
 42377 | Depths:3 | Found a glowing silver altar of Zin.
 42524 | Depths:4 | Reached XP level 24. HP: 58/158 MP: 29/29
 43490 | Depths:4 | Found a runed door.
 43555 | Depths:4 | Noticed a juggernaut
 43569 | Depths:4 | Killed a juggernaut
 43917 | Depths:4 | Received a gift from Okawaru
 43999 | Depths:4 | Noticed a juggernaut
 44000 | Depths:4 | Found a gateway to a ziggurat.
 44007 | Depths:4 | Killed a juggernaut
 44071 | Depths:4 | Gained mutation: Your body often deteriorates upon taking damage. [a shining eye]
 44180 | Depths:4 | Identified Ythreyplea's Last Papyrus of the Deep Elf Lorekeeper
 44246 | Depths:4 | Received a gift from Okawaru
 45434 | Depths:5 | Entered Level 5 of the Depths
 45558 | Depths:5 | Received a gift from Okawaru
 45698 | Depths:5 | Reached XP level 25. HP: 163/164 MP: 29/29
 45789 | Depths:5 | Found Healaappe's Gadget Shop.
 45793 | Depths:5 | Found Hicitauw's Jewellery Emporium.
 45794 | Depths:5 | Found Zorefa's Gadget Shop.
 45886 | Depths:5 | Found a shadowy altar of Dithmenos.
 46304 | Depths:5 | Found a gate to the Realm of Zot.
 46622 | Vaults:1 | Entered Level 1 of the Vaults
 46689 | Vaults:1 | Received a gift from Okawaru
 46871 | Vaults:1 | Got a steaming bone ring
 46873 | Vaults:1 | Identified the ring of Attitude {*Tele SInv} (You found it on level 1 of the Vaults)
 47798 | Vaults:2 | Received a gift from Okawaru
 47835 | Vaults:2 | Got a pair of jewelled gloves {god gift}
 47846 | Vaults:2 | Identified the +1 pair of gloves of Wutygh {Str+6} (Okawaru gifted it to you on level 2 of the Vaults)
 48102 | Vaults:2 | Identified Cowuiw's Incunabulum of Shape Shifting and Evil
 48876 | Vaults:3 | Reached XP level 26. HP: 172/172 MP: 29/29
 48889 | Vaults:3 | Found a staircase to the Crypt.
 49294 | Vaults:3 | Found Cusk's Gadget Shop.
 50014 | Vaults:4 | Noticed Saint Roka
 50068 | Vaults:4 | Killed Saint Roka
 50068 | Vaults:4 | Received a gift from Okawaru
 50498 | Vaults:4 | Reached skill level 10 in Charms
 51618 | Vaults:5 | Entered Level 5 of the Vaults
 51638 | Vaults:5 | Received a gift from Okawaru
 51640 | Vaults:5 | Reached XP level 27. HP: 116/179 MP: 29/29
 52091 | Vaults:5 | Got a silver rune of Zot
 52152 | Vaults:5 | Reached skill level 10 in Necromancy
 52260 | Vaults:5 | Got a smoking copper ring
 52261 | Vaults:5 | Identified the ring "Koiwk" {rPois Int+2 Dex+9 Slay-4 SInv} (You took it off a deep elf sorcerer on level 5 of the Vaults)
 52397 | Vaults:5 | Received a gift from Okawaru
 52420 | Vaults:5 | Reached skill level 15 in Dodging
 52491 | Vaults:5 | Received a gift from Okawaru
 52576 | Vaults:5 | Got a pair of smoking gloves {god gift}
 52598 | Vaults:5 | Identified the +0 pair of gloves "Losuegan" {*Drain rPois Int+2 Dex+7} (Okawaru gifted it to you on level 5 of the Vaults)
 53336 | Vaults:5 | Found Gycacias's General Store.
 53342 | Vaults:5 | Bought a scroll of enchant armour for 82 gold pieces
 53342 | Vaults:5 | Bought a scroll of blinking for 82 gold pieces
 53723 | D:11     | You paid a toll of 9 potions of agility to enter a treasure trove
 53724 | Trove    | Entered a treasure trove
 53739 | Trove    | Got a fine turquoise ring
 53740 | Trove    | Identified the ring of Ujeotais {rF+ MP+9} (You found it in a treasure trove)
 53747 | Trove    | Got an ancient pewter amulet
 53748 | Trove    | Identified the amulet "Adifopik" {RegenMP Dex+2 SInv} (You found it in a treasure trove)
 53761 | Trove    | Got a wavering sapphire amulet
 53762 | Trove    | Identified the amulet of Tout {RegenMP Str-2 Dex+5} (You found it in a treasure trove)
 53770 | Trove    | Got a scorched jade amulet
 53771 | Trove    | Identified the amulet of the Tired Cities {+Rage rF+++ rC- Str-5 SInv} (You found it in a treasure trove)
 54433 | Temple   | Fell from the grace of Okawaru
 54433 | Temple   | Became a worshipper of the Shining One
 54816 | Crypt:1  | Entered Level 1 of the Crypt
 54922 | Crypt:1  | Reached * piety under the Shining One
 54942 | Crypt:1  | Found a huge runed gate.
 54944 | Crypt:1  | Found a huge runed gate.
 54945 | Crypt:1  | Found a huge runed gate.
 54948 | Crypt:1  | Found a huge runed gate.
 54948 | Crypt:1  | Found a huge runed gate.
 54948 | Crypt:1  | Found a huge runed gate.
 54948 | Crypt:1  | Found a huge runed gate.
 54948 | Crypt:1  | Found a huge runed gate.
 54948 | Crypt:1  | Found a huge runed gate.
 55226 | Crypt:1  | Reached ** piety under the Shining One
 55331 | Crypt:1  | Found a huge runed gate.
 55331 | Crypt:1  | Found a huge runed gate.
 55331 | Crypt:1  | Found a huge runed gate.
 55332 | Crypt:1  | Found a huge runed gate.
 55333 | Crypt:1  | Found a huge runed gate.
 55334 | Crypt:1  | Found a huge runed gate.
 55335 | Crypt:1  | Found a huge runed gate.
 55336 | Crypt:1  | Found a huge runed gate.
 55337 | Crypt:1  | Found a huge runed gate.
 55338 | Crypt:1  | Found a huge runed gate.
 55348 | Crypt:1  | Found a huge runed gate.
 55348 | Crypt:1  | Found a huge runed gate.
 55349 | Crypt:1  | Found a huge runed gate.
 55350 | Crypt:1  | Found a huge runed gate.
 55350 | Crypt:1  | Found a huge runed gate.
 55351 | Crypt:1  | Found a huge runed gate.
 55351 | Crypt:1  | Found a huge runed gate.
 55568 | Crypt:1  | Reached *** piety under the Shining One
 55568 | Crypt:1  | Noticed an ancient lich
 55593 | Crypt:1  | Killed an ancient lich
 55625 | Crypt:1  | Reached **** piety under the Shining One
 55728 | Crypt:2  | Reached ***** piety under the Shining One
 55757 | Crypt:2  | Noticed Mara
 55778 | Crypt:2  | Noticed dobroeutro's illusion
 55821 | Crypt:2  | Killed Mara
 56235 | Crypt:2  | Reached ****** piety under the Shining One
 56381 | Crypt:3  | Entered Level 3 of the Crypt
 56677 | Crypt:3  | Found a deep blue altar of Sif Muna.
 56744 | Crypt:3  | Got a warped bone amulet
 56796 | Crypt:3  | Identified the amulet "Legoin" {Dismiss Stlth+} (You took it off a vampire mage on level 3 of the Crypt)
 57008 | Crypt:3  | Noticed an ancient lich
 57028 | Crypt:3  | Killed an ancient lich
 57040 | Crypt:3  | Noticed an ancient lich
 57040 | Crypt:3  | Noticed an ancient lich
 57059 | Crypt:3  | Killed an ancient lich
 57066 | Crypt:3  | Killed an ancient lich
 57117 | Crypt:3  | Identified the Tome of Sinister Rituals
 57126 | Crypt:3  | Got a scorched marble ring
 57126 | Crypt:3  | Got a shimmering jade ring
 57128 | Crypt:3  | Identified the ring of Nonuton {rN+ Int+6 Dex-5} (You found it on level 3 of the Crypt)
 57130 | Crypt:3  | Identified the ring of New Discoveries {rN+ MR+} (You found it on level 3 of the Crypt)
 57556 | Crypt:3  | Found a staircase to the Tomb.
 57962 | Tomb:1   | Entered Level 1 of the Tomb of the Ancients
 58401 | Tomb:1   | Noticed a greater mummy
 58419 | Tomb:1   | Killed a greater mummy
 58427 | Tomb:1   | Noticed a greater mummy
 58438 | Tomb:1   | Killed a greater mummy
 58549 | Tomb:1   | Noticed a greater mummy
 58564 | Tomb:1   | Killed a greater mummy
 58568 | Tomb:1   | Noticed a greater mummy
 58591 | Tomb:2   | Reached skill level 10 in Invocations
 58846 | Tomb:1   | Killed a greater mummy
 58948 | Tomb:1   | Noticed a greater mummy
 58954 | Tomb:1   | Noticed a greater mummy
 58966 | Tomb:1   | Killed a greater mummy
 58981 | Tomb:1   | Killed a greater mummy
 58986 | Tomb:1   | Noticed a greater mummy
 58996 | Tomb:1   | Killed a greater mummy
 59308 | Tomb:1   | Was forgiven by Okawaru
 59914 | Tomb:2   | Noticed a greater mummy
 59914 | Tomb:2   | Noticed a greater mummy
 59914 | Tomb:2   | Noticed a greater mummy
 60114 | Tomb:2   | Noticed a greater mummy
 60215 | Tomb:1   | Killed a greater mummy
 60371 | Tomb:1   | Killed a greater mummy
 60580 | Tomb:1   | Killed a greater mummy
 60979 | Hell     | Entered the Vestibule of Hell
 60979 | Hell     | Noticed Geryon
 60984 | Hell     | Found a gateway to the ashen valley of Gehenna.
 61297 | Hell     | Found a gateway to the freezing wastes of Cocytus.
 61370 | Hell     | Killed Geryon
 61707 | Hell     | Found a gateway to the Iron City of Dis.
 61833 | Hell     | Found a gateway to the decaying netherworld of Tartarus.
 61890 | Geh:1    | Entered Level 1 of Gehenna
 65188 | Geh:7    | Entered Level 7 of Gehenna
 65397 | Geh:7    | Noticed the Serpent of Hell
 65421 | Geh:7    | Killed the Serpent of Hell
 65964 | Geh:7    | Got a crude marble ring
 66022 | Geh:7    | Noticed Asmodeus
 66060 | Geh:7    | Killed Asmodeus
 66075 | Geh:7    | Got an obsidian rune of Zot
 67078 | Tomb:1   | Killed a greater mummy
 67489 | Tomb:1   | Noticed a greater mummy
 67501 | Tomb:2   | Killed a greater mummy
 67505 | Tomb:1   | Noticed a greater mummy
 67639 | Tomb:2   | Killed a greater mummy
 67926 | Tomb:3   | Entered Level 3 of the Tomb of the Ancients
 68032 | Tomb:3   | Noticed a greater mummy
 68033 | Tomb:3   | Noticed a greater mummy
 68114 | Tomb:2   | Killed a greater mummy
 68292 | Tomb:2   | Killed a greater mummy
 68510 | Tomb:3   | Noticed an ancient lich
 68522 | Tomb:3   | Noticed a greater mummy
 68547 | Tomb:2   | Killed an ancient lich
 68703 | Tomb:2   | Killed a greater mummy
 68889 | Tomb:3   | Noticed a greater mummy
 68902 | Tomb:3   | Killed a greater mummy
 68925 | Tomb:3   | Identified the ring of Creativity {*Tele rC+} (You took it off a red devil on level 7 of Gehenna)
 68928 | Tomb:3   | Got a steaming ivory ring
 68929 | Tomb:3   | Identified the ring "Koarrafa" {rElec Dex+3 Slay+3 Stlth-} (You found it on level 3 of the Tomb of the Ancients)
 68980 | Tomb:3   | Got a vibrating granite ring
 68981 | Tomb:3   | Identified the ring "Vuygaixt" {rN+ Str+3 Int-3 SInv Stlth+} (You found it on level 3 of the Tomb of the Ancients)
 69090 | Tomb:3   | Noticed a greater mummy
 69193 | Tomb:3   | Got a flickering turquoise ring
 69194 | Tomb:3   | Identified the ring of Teofid {rF+ MR+ AC+4} (You found it on level 3 of the Tomb of the Ancients)
 69210 | Tomb:3   | Got an ancient whip
 69211 | Tomb:3   | Identified the +9 whip of the Feather {flame, Stlth+} (You found it on level 3 of the Tomb of the Ancients)
 69218 | Tomb:3   | Got a scorched scale mail
 69229 | Tomb:3   | Identified the cursed +0 scale mail of the Prince of Darkness {+Fly rPois rF- Dex+2} (You found it on level 3 of the Tomb of the Ancients)
 69310 | Tomb:3   | Noticed a greater mummy
 69320 | Tomb:3   | Killed a greater mummy
 69325 | Tomb:3   | Noticed a greater mummy
 69332 | Tomb:3   | Killed a greater mummy
 69334 | Tomb:3   | Noticed a greater mummy
 69351 | Tomb:3   | Killed a greater mummy
 69447 | Tomb:3   | Killed a greater mummy
 69788 | Tomb:3   | Got a golden rune of Zot
 69896 | Tomb:1   | Noticed a greater mummy
 69913 | Tomb:1   | Killed a greater mummy
 69991 | Tomb:1   | Noticed a greater mummy
 70004 | Tomb:1   | Killed a greater mummy
 70005 | Tomb:1   | Noticed a greater mummy
 70019 | Tomb:1   | Killed a greater mummy
 70052 | Tomb:1   | Noticed a greater mummy
 70066 | Tomb:1   | Killed a greater mummy
 70527 | Tar:1    | Entered Level 1 of Tartarus
 71046 | Tar:1    | Gained mutation: You expend magic power (3 MP) to strengthen your wands. [mutagenic glow]
 71411 | Tar:1    | Lost mutation: Your mind is acute. (Int +2) [mutagenic glow]
 71492 | Tar:3    | Gained mutation: Scrolls take you a little longer to read. [mutagenic glow]
 72693 | Tar:7    | Entered Level 7 of Tartarus
 73033 | Tar:7    | Got a bound marble ring
 73036 | Tar:7    | Identified the ring "Wakhocw" {rC+++ MP+9 Str-3 Int-5 Stlth-} (You found it on level 7 of Tartarus)
 74462 | Tar:7    | Noticed Ereshkigal
 74518 | Tar:7    | Killed Ereshkigal
 74580 | Tar:7    | Got a bone rune of Zot
 74582 | Tar:7    | Got a warped bronze ring
 74585 | Tar:7    | Identified the ring "Hibubil" {rPois rC+ MR+ Dex+4} (You found it on level 7 of Tartarus)
 74602 | Tar:7    | Identified the Almanac of Megalomania
 74949 | Coc:1    | Entered Level 1 of Cocytus
 75784 | Coc:7    | Entered Level 7 of Cocytus
 76400 | Coc:7    | Got a faintly humming cloak
 76411 | Coc:7    | Identified the +1 cloak of the Wilderness {rC- rN++ Regen+ Int+4} (You found it on level 7 of Cocytus)
 76722 | Coc:7    | Noticed Antaeus
 76746 | Coc:7    | HP: 8/195 [Antaeus/great mace of crushing (7)]
 76746 | Coc:7    | Slain by Antaeus

Vault maps used:
D:1:      minmay_arrival_diagonal_passages
D:3:      uniq_robin
D:4:      uniq_blork_the_orc, uniq_edmund
D:5:      serial_curves, eino_curves_01, eino_curves_01, first_bread
D:7:      lemuel_zombie_altar_kikubaaqudgha, gammafunk_temple_overflow_statue,
          the_bakery
D:10:     erik_lair_dragon
D:11:     erik_orc_4, enter_trove_6
D:12:     hangedman_decor_opposing
D:13:     serial_shops, shop
D:14:     mludivico_vault, grunt_vaults_entry_fortified, st_stairs_4,
          uniq_rupert
D:15:     hangedman_depths_entry_civil_slaughter, nrook_mini_backslash,
          serial_shops, shop, grunt_gozag_statues
Temple:   hc_temple_tempest_star
Lair:1:   serial_bayou_crossing, serial_bayou_shore_b, grunt_megastairs_1
Lair:2:   hibernation_bobbens, infiniplex_staircase_pool, lemuel_fruit_tree
Lair:3:   minmay_shoals_entry_lonely_mermaid, beast_lair_carwin_5,
          grunt_megastairs_5
Lair:4:   dummy_snake_entry, bh_autumn_forest_stairs, grunt_megastairs_2
Lair:5:   slime_altar_1, basic_altar, serial_bayou_ford_a
Lair:6:   minmay_lair_end_frog_pond, portal_ice_cave_rime,
          infiniplex_staircase_pool_2
Shoals:1: cheibrodos_shoals_oceanic_diplomacy
Shoals:3: uniq_polyphemus, uniq_ilsuiw
Shoals:4: shoals_end_grunt_ice, shoals_ilsuiw_ice,
          nicolae_shoals_stone_sculpture_thing
Snake:1:  grunt_ministairs_5, st_stairs_14, serial_bayou_pond_b, abandoned_shop,
          guppyfry_library_mini, uniq_frances
Snake:2:  basic_altar, grunt_ministairs_12, st_stairs_10,
          fake_guardian_serpent_vault
Snake:3:  st_stairs_5, minmay_shoptagon
Snake:4:  snake_hunt, st_stairs_13, uniq_donald, uniq_kirke
Orc:1:    roderic_batcave
Orc:2:    st_orc_ogre_mass, minmay_orc_keep
Elf:1:    serial_shops, nicolae_shop_behind_doors, evilmike_minifort,
          nicolae_twisting_strands, uniq_azrael, uniq_nikola
Elf:2:    serial_shops, nicolae_shop_temple_entry_statues_fountains, shop,
          shop_fountains
Elf:3:    grunt_elf_hall_spiral, mu_enter_wizlab_4, roderic_three_in_a_row
Vaults:1: nicolae_vaults_disjoint_gnomons, special_room_vaults,
          hangedman_vaults_slice, nicolae_vaults_shelves_hall,
          vaults_dpeg_encased_lava, nicolae_vaults_windows_and_doors_thing,
          vaults_mumra_chevron_long, vaults_standard_mumra_lines,
          nicolae_vaults_circle_grid_b, ontoclasm_vaults_gateway, v_misc_14,
          hangedman_vaults_trim, nicolae_vaults_sealed_display, vaults_dpeg_ring
Vaults:2: nicolae_vaults_rhombus_6, hangedman_vaults_slice,
          nicolae_vaults_shelves_hall, nicolae_vaults_twisting_passages,
          nicolae_vaults_mini_display_case, v_alt_pattern_1, st_check,
          vaults_room_stairs_pillars, ontoclasm_vaults_twist, vaults_dpeg_cross,
          v_misc_13, ontoclasm_vaults_loading_screen
Vaults:3: vaults_dpeg_diagonal, ontoclasm_vaults_idyll,
          nicolae_vaults_little_squares_6, minmay_crypt_entry_simple_sparse,
          nicolae_vaults_little_squares_3, serial_shops, shop
Vaults:4: vaults_room_hangedman_quadrants, v_pattern_5,
          ontoclasm_vaults_loading_screen, nicolae_vaults_network_quinsquares,
          hangedman_vaults_corner_blocks, v_misc_17, v_misc_23,
          vaults_room_corners, ontoclasm_vaults_fault, vaults_room_pools,
          hangedman_vaults_nails, uniq_saint_roka
Crypt:1:  serial_sigils_hangedman_scar, door_vault
Crypt:2:  uniq_mara
Crypt:3:  david_glass_crypt, nicolae_tomb_entry_rubble_hallway,
          grunt_ministairs_15, hangedman_summoners_spam
Depths:1: hellmouth_1, pan_entry, abyss_entry, tgw_lugonu_bribe,
          serial_bayou_shore_b
Depths:2: minmay_shrinking_squares, corexii_hall_statues_x, hell_entry,
          minivault_15
Depths:3: hangedman_arch_fort, rand_demon_pan_entry_3, old_standard_altar,
          hell_entry, minmay_staircase_statues_hall_small, uniq_enchantress,
          uniq_frederick, uniq_xtahua, uniq_boris
Depths:4: box_level_dp, hell_entry, abyss_entry
Depths:5: evilmike_zot_entry_hall, old_standard_altar, grunt_metal_band,
          minmay_shop_grove
Geh:1:    gehenna_fire_generator
Geh:2:    lemuel_elevator
Geh:3:    lemuel_elevator
Geh:7:    geh_old
Coc:3:    lemuel_elevator
Coc:7:    coc_mu
Tar:3:    nicolae_tar_cuneiform_two
Tar:7:    tar_minmay_river
Trove:    trove_jewellery_lava
IceCv:    ice_cave_small_necro
WizLab:   wizlab_zonguldrok

Skill      XL: |  1  2  3  4  5  6  7  8  9 10 11 12 13 14 15 16 17 18 19 20 21 22 23 24 25 26 27 |
---------------+----------------------------------------------------------------------------------+-----
Maces & Flails | 3 4 5 7 9 10 11 12 13 14 15 16 17 18 19 25 | 25.2
Fighting       | 4 5 6 7 8 10 11 12 13 14 15 16 17 18 19 25 | 25.9
Armour         | 4 5 6 7 8 9 10 11 12 13 14 15 16 17 18 19 20 26 | 26.4
Shields        | 4 5 6 7 8 10 11 12 13 14 15 16 17 18 19 20 26 | 26.3
Dodging        | 3 5 6 7 8 9 10 11 12 13 14 20 | 20.3
Evocations     | 3 5 6 8 9 |  9.0
Invocations    | 4 7 13 | 13.6
Charms         | 2 4 6 8 9 10 11 | 11.7
Necromancy     | 2 3 5 7 8 9 10 | 10.8

Action                   |  1- 3 |  4- 6 |  7- 9 | 10-12 | 13-15 | 16-18 | 19-21 | 22-24 | 25-27 || total
-------------------------+-------+-------+-------+-------+-------+-------+-------+-------+-------++-------
Melee: Flail             |    18 |       |       |       |       |       |       |       |       ||    18
       Whip              |    83 |   140 |       |       |       |       |       |       |       ||   223
       Mace              |       |    43 |   479 |   851 |   454 |       |       |       |       ||  1827
       Morningstar       |       |       |       |       |  1455 |  1445 |  1140 |  1292 |  8827 || 14159
       Headbutt          |       |       |       |       |       |   200 |   339 |   469 |  3291 ||  4299
 Cast: Regeneration      |       |       |       |       |       |       |       |       |    14 ||    14
Invok: Heroism           |       |       |       |       |    10 |       |       |     2 |     1 ||    13
       Finesse           |       |       |       |       |       |       |       |     2 |     1 ||     3
       Summon Divine War |       |       |       |       |       |       |       |       |     4 ||     4
       Cleansing Flame   |       |       |       |       |       |       |       |       |     2 ||     2
       Divine Shield     |       |       |       |       |       |       |       |       |     1 ||     1
 Abil: Stop Flying       |       |       |       |       |       |       |       |       |     1 ||     1
       Evoke Flight      |       |       |       |       |       |       |       |       |     1 ||     1
Evoke: Wand              |       |       |       |       |       |       |       |     1 |     2 ||     3
       Rod               |       |       |       |       |       |       |       |       |     4 ||     4
  Use: Scroll            |       |       |    15 |     2 |    11 |     5 |    16 |    13 |    29 ||    91
       Potion            |       |       |       |     1 |     5 |     3 |     4 |       |     9 ||    22
 Stab: Distracted        |       |       |       |       |       |     1 |       |       |       ||     1
  Eat: Chunk             |     1 |     5 |    11 |    19 |    27 |    10 |    16 |    16 |    26 ||   131
       Pizza             |       |       |       |     2 |     1 |       |     1 |     1 |     7 ||    12
       Fruit             |       |       |       |     1 |     4 |    15 |     4 |       |    16 ||    40
       Beef jerky        |       |       |       |       |     1 |     2 |     1 |     1 |     9 ||    14
       Bread ration      |       |       |       |       |     2 |       |       |     1 |     2 ||     5
       Royal jelly       |       |       |       |       |       |     1 |     2 |       |     4 ||     7
       Meat ration       |       |       |       |       |       |       |       |       |     8 ||     8
Armor: Scale mail        |    42 |    90 |       |       |       |       |       |       |       ||   132
       Plate armour      |       |    20 |   321 |   391 |   917 |   468 |   312 |   376 |   633 ||  3438
       Skin              |       |       |       |       |     2 |       |       |       |       ||     2
       Gold dragon armou |       |       |       |       |       |       |       |       |  1805 ||  1805
Dodge: Dodged            |    25 |    21 |    38 |    64 |   360 |   299 |   272 |   386 |  2961 ||  4426
Block: Large shield      |    79 |   128 |   412 |   806 |  2319 |  1761 |  1121 |  1469 | 11480 || 19575
       Shield            |     1 |       |       |       |       |       |       |       |       ||     1
       Reflection        |       |       |       |     9 |    79 |   224 |   162 |    63 |   283 ||   820
